 Dungeon Crawl Stone Soup version 0.26.1-2-gb8aa6d0 (webtiles) character file.

Game seed: 11039557242139069806

329 PartyLogan the Cudgeller (level 6, -2/39 HPs)
             Began as a Gargoyle Berserker on Feb 18, 2021.
             Was a Believer of Trog.
             Killed from afar by an orc wizard (5 damage)
             ... with a magic dart
             ... on level 6 of the Dungeon.
             The game lasted 00:17:14 (1590 turns).

PartyLogan the Cudgeller (Gargoyle Berserker)       Turns: 1590, Time: 00:17:14

Health: -2/39      AC: 13    Str: 22    XL:     6   Next: 50%
Magic:  6/6        EV: 12    Int:  8    God:    Trog [**....]
Gold:   111        SH:  0    Dex:  9    Spells: 5/5 levels left

rFire    . . .     SeeInvis .   p - +0 flail
rCold    . . .     Faith    .   (no shield)
rNeg     + . .     Spirit   .   g - +0 chain mail
rPois    ∞         Reflect  .   (no helmet)
rElec    +         Harm     .   (no cloak)
rCorr    .         Rampage  .   (no gloves)
Will     .....                  (no boots)
Stlth    ..........             (no amulet)
HPRegen  0.13/turn              n - +4 ring of evasion
MPRegen  0.10/turn              (no ring)

@: brilliant, berserk cooldown, slowed, very slow
A: negative energy resistance 1, electricity resistance, unbreathing,
petrification resistance, miasma immunity, AC +4
a: Renounce Religion, Berserk, Trog's Hand


You were on level 6 of the Dungeon.
You worshipped Trog.
Trog was pleased with you.
You visited 1 branch of the dungeon, and saw 5 of its levels.

You collected 111 gold pieces.

Inventory:

Hand Weapons
 a - a +0 mace
 e - a +0 club
 p - a +0 flail (weapon)
Missiles
 c - 19 stones
Armour
 g - a +0 chain mail (worn)
Jewellery
 n - a +4 ring of evasion (left hand)
Potions
 o - a potion of ambrosia {unknown}


   Skills:
 + Level 4.7 Fighting
 + Level 5.1 Maces & Flails
 + Level 3.9 Armour
 + Level 2.3 Dodging


You had 5 spell levels left.
You didn't know any spells.
Your spell library was empty.

Dungeon Overview and Level Annotations

Branches:
Dungeon (4/15)             Temple (0/1) D:6

Altars:

Shops:
D:4 }


Innate Abilities, Weirdness & Mutations

You are resistant to torment.
Your stone body is resilient. (AC +4)
You are immune to poison.
You resist negative energy. (rN+)
You are resistant to electric shocks. (rElec)
You can survive without breathing.
You are immune to petrification.
You are immune to miasma.


Message History

The orc priest hits you but does no damage.
The orc wizard hits you but does no damage.
The orc wizard closely misses you. The orc priest closely misses you.
The orc wizard hits you but does no damage. x2
Things that are here:
a +0 flail; a +0 ring mail The orc wizard hits you but does no damage.
The orc wizard hits you but does no damage.
The orc wizard gestures at you while chanting.
The magic dart hits you.
The orc priest begins to cast a cantrip, but forgets the words!
The orc priest calls down the wrath of Beogh upon you.
Beogh smites you!
* * * LOW HITPOINT WARNING * * *
The orc wizard points at you and mumbles some strange words.
The magic dart hits you.
* * * LOW HITPOINT WARNING * * *
The orc wizard casts a spell at you. The magic dart hits you.
You die...

#?...(...#
#........# ..#
#........# #..#
#........###... ###
#........#.... ...
#?.......#..# ....
#........(..# .....
#.........#.# #.....
#......@.oo###......
######..#o.)#...#
#......#o..$.#
#...#####.>.## #...
#.....# #...
#...#...# #.##
....###!... #. ##!.#
#..## # ##. .##


You could see 2 orc priests and 2 orc wizards.

Vanquished Creatures
  Sigmund (D:4)
  3 hounds (D:6)
  A centaur skeleton (D:4)
  A white imp (D:6)
  An ooze (D:4)
  4 worms
  A dart slug (D:1)
  3 leopard geckos
  An orc (D:6)
  2 goblins (D:1)
  2 hobgoblins
  4 jackals (D:1)
  A quokka (D:2)
  3 bats (D:1)
  2 frilled lizards (D:4)
  3 rats
33 creatures vanquished.

Notes
Turn   | Place    | Note
-------+----------+-------------------------------------------
     0 | D:1      | PartyLogan the Gargoyle Berserker began the quest for the
                  | Orb.
     0 | D:1      | Reached XP level 1. HP: 14/14 MP: 1/1
   163 | D:1      | Reached XP level 2. HP: 6/19 MP: 2/2
   811 | D:2      | Reached XP level 3. HP: 18/24 MP: 3/3
   937 | D:3      | Reached ** piety under Trog
  1058 | D:4      | Noticed Sigmund
  1101 | D:4      | Killed Sigmund
  1102 | D:4      | Reached skill level 4 in Maces & Flails
  1102 | D:4      | Reached XP level 4. HP: 14/29 MP: 4/4
  1102 | D:4      | Reached XP level 5. HP: 16/33 MP: 5/5
  1130 | D:4      | Reached XP level 6. HP: 20/39 MP: 6/6
  1144 | D:4      | Found Ponac's Gadget Shop.
  1218 | D:3      | You fall into a shaft and drop 3 floors!
  1400 | D:6      | Reached skill level 5 in Maces & Flails
  1572 | D:6      | Found a staircase to the Ecumenical Temple.
  1590 | D:6      | Killed from afar by an orc wizard

Illustrated notes

Levels and vault maps discovered:
D:1:      dpeg_arrival_signposts, layout_basic
D:2:      layout_loops_cross, minmay_hexomino_f4
D:3:      layout_basic, chequers_ecumenical_altar_twisty
D:4:      layout_cave_pools, nicolae_ossuary_entry_giza, serial_shops, shop,
          minmay_crossroads, uniq_sigmund
D:6:      layout_basic, minmay_temple_entry_arrows, basic_altar

Skill      XL: |  1  2  3  4  5  6 |
---------------+-------------------+-----
Fighting       | 4 |  4.7
Maces & Flails | 4 5 |  5.1
Armour         | 3 |  3.9
Dodging        | 2 |  2.3

Action                   |  1- 3 |  4- 6 || total
-------------------------+-------+-------++-------
Melee: Mace              |    19 |       ||    19
       Club              |    97 |    61 ||   158
       Flail             |       |     4 ||     4
Invok: Berserk           |     5 |     2 ||     7
  Use: Potion            |     2 |     4 ||     6
Armor: Animal skin       |    14 |       ||    14
       Chain mail        |    53 |    42 ||    95
       Ring mail         |     1 |       ||     1
Dodge: Dodged            |    58 |    53 ||   111
